 Dungeon Crawl Stone Soup version 0.32-a0-616-g9348d4545b (webtiles) character file.

Game seed: 2109597370270939241

21 javelincjr the Grasshopper (level 2, 0/23 HPs)
             Began as a Demonspawn Warper on Mar 5, 2024.
             Slain by a hobgoblin (3 damage)
             ... on level 3 of the Dungeon.
             The game lasted 00:01:56 (869 turns).

javelincjr the Grasshopper (Demonspawn Warper)       Turns: 869, Time: 00:01:57

Health: 0/23       AC:  3    Str: 11    XL:     2   Next: 65%
Magic:  5/5        EV: 11    Int: 13    God:
Gold:   80         SH:  0    Dex: 12    Spells: 5/5 levels left

rFire   . . .        i - +0 trident
rCold   . . .        (no shield)
rNeg    . . .        b - +0 leather armour
rPois   .            (no helmet)
rElec   .            (no cloak)
rCorr   .            (no gloves)
SInv    .            (no boots)
Will    .....        (no amulet)
Stlth   +            (no ring)
HPRegen 0.23/turn    (no ring)
MPRegen 0.09/turn

%: no passive effects
@: no status effects
A: weakness stinger 1
a: no special abilities


You were on level 3 of the Dungeon.
You visited 1 branch of the dungeon, and saw 3 of its levels.

You collected 80 gold pieces.

Inventory:

Hand Weapons
 a - a +0 spear
 i - a +0 trident (weapon)
 o - a +0 sling
Missiles
 d - 7 darts of dispersal (quivered)
 f - 6 poisoned darts
Armour
 b - a +0 leather armour (worn)
 k - a +0 ring mail
 l - a +0 chain mail
Scrolls
 c - 2 scrolls of blinking
 e - a scroll of acquirement {unknown}
 g - a scroll of silence {unknown}
 h - 4 scrolls of identify {unknown}
 j - a scroll of amnesia {unknown}
Potions
 m - a potion of curing {unknown}
 n - a potion of heal wounds {unknown}


   Skills:
 * Level 2.4 Fighting
 + Level 2.0 Polearms
 + Level 1.1 Throwing
 + Level 1.1 Armour
 + Level 1.9 Dodging
 + Level 2.1 Spellcasting
 + Level 2.7 Translocations


You had 5 spell levels left.
You didn't know any spells.
Your spell library contained the following spells:

 Spells                   Type           Power      Damage    Failure   Level
 Blink                    Tloc           16%        N/A       16%         2
 Lesser Beckoning         Tloc           16%        N/A       16%         2
 Teleport Other           Tloc           8%         N/A       30%         3
 Magic Dart               Conj           4%         1d3       32%         1
 Searing Ray              Conj           2%         2d4       45%         2
 Manifold Assault         Tloc           8%         N/A       71%         4
 Vhi's Electric Charge    Tloc/Air       10%        N/A       88%         4
 Fulminant Prism          Conj/Alch      0%         3d5       97%         4


Dungeon Overview and Level Annotations

Branches:
Dungeon (2/15)

Altars:


Innate Abilities, Weirdness & Mutations

You have a small tail.


Message History

You hit the kobold.
The kobold is severely wounded.
The hobgoblin closely misses you. The kobold closely misses you.
You hit the kobold but do no damage.
The kobold is severely wounded.
The kobold barely misses you. The hobgoblin hits you.
You closely miss the kobold.
The kobold is severely wounded.
The hobgoblin closely misses you. The kobold misses you.
You hit the kobold but do no damage.
The kobold is severely wounded.
The kobold barely misses you. The hobgoblin barely misses you.
The quokka barely misses you.
You barely miss the kobold.
The kobold is severely wounded.
The quokka closely misses you. The kobold closely misses you.
The hobgoblin barely misses you. The quokka misses you.
The hobgoblin hits you but does no damage.
The kobold hits you with a +0 whip.
* * * LOW HITPOINT WARNING * * *
You barely miss the kobold.
Your tail-slap misses the kobold.
The kobold is severely wounded.
The quokka bites you but does no damage.
The kobold hits you but does no damage. The hobgoblin closely misses you.
You puncture the kobold!
You kill the kobold!
The quokka bites you.
* * * LOW HITPOINT WARNING * * *
The hobgoblin hits you but does no damage.
The quokka bites you.
* * * LOW HITPOINT WARNING * * *
You hit the quokka but do no damage. The quokka barely misses you.
The hobgoblin barely misses you. The quokka closely misses you.
The quokka misses you.
You hit the quokka.
The quokka is almost dead.
The quokka bites you.
* * * LOW HITPOINT WARNING * * *
The hobgoblin hits you.
You die...

..............
.[...........
............
............
...........
............
#rg....##.#
#@r....+..###
#......##...#
#......##...#
#......##...#
#......##...#
#...##..'...+
#...#####...#
##### #...#
#...#


You could see 2 quokkas and a hobgoblin.

Vanquished Creatures
  A ribbon worm (D:2)
  A ball python (D:1)
  4 endoplasms
  A giant cockroach (D:1)
  2 goblins
  A hobgoblin (D:1)
  2 bats
  4 kobolds
  2 rats (D:1)
18 creatures vanquished.

Notes
Turn   | Place    | Note
-------+----------+-------------------------------------------
     0 | D:1      | javelincjr the Demonspawn Warper began the quest for the
                  | Orb.
     0 | D:1      | Reached XP level 1. HP: 16/16 MP: 3/3
   108 | D:1      | Reached skill level 1 in Throwing
   233 | D:1      | Reached skill level 1 in Armour
   246 | D:1      | Gained mutation: You have a small tail. [demonic ancestry]
   246 | D:1      | Reached XP level 2. HP: 22/22 MP: 5/5
   818 | D:2      | You fall into a shaft and drop 1 floor!
   869 | D:3      | Slain by a hobgoblin

Illustrated notes

Levels and vault maps discovered:
D:1:      mrwooster_arrival_arrow, layout_basic
D:2:      layout_loops_ring, grunt_decor_arrowhead, uniq_natasha
D:3:      layout_basic

Skill      XL: |  1  2 |
---------------+-------+-----
Throwing       | 1 |  1.1
Armour         | 1 |  1.1
Polearms       | 2 |  2.0
Fighting       | |  2.4
Dodging        | |  1.9
Spellcasting   | |  2.1
Translocations | |  2.7

Action                     || total
---------------------------++-------
  Melee: Spear             ||    14
         Trident           ||    43
         Tailslap          ||     3
 Armour: Leather armour    ||    31
  Dodge: Dodged            ||    39

Table legend: (Time is in decaauts)
 A = Elapsed time spent in this place.
 B = Non-inter-level travel time spent in this place.
 C = Inter-level travel time spent in this place.
 D = Time resting spent in this place.
 E = Time spent auto-exploring this place.
 F = Levels seen in this place.
 G = Mean time per level.
                   A        B        C        D        E       F      G
               +--------+--------+--------+--------+--------+-----+--------+
         Total |    876 |    867 |      9 |     78 |    626 |   3 |  292.0 |
       Dungeon |    876 |    867 |      9 |     78 |    626 |   3 |  292.0 |
               +--------+--------+--------+--------+--------+-----+--------+

Top non-repeatable levels by time:
     D:1: 568 daAuts
     D:2: 254 daAuts
     D:3: 54 daAuts
